 Dungeon Crawl Stone Soup version 0.18.1-50-g88ac8fd (webtiles) character file.

14254 Amnesiac the Brilliant (level 11, -5/62 HPs)
             Began as a Deep Elf Fighter on Mar 2, 2018.
             Was a High Priest of Pakellas.
             Slain by a phantasmal warrior (28 damage)
             ... led by a death knight
             ... on level 11 of the Dungeon.
             The game lasted 00:45:22 (15226 turns).

Amnesiac the Brilliant (Deep Elf Fighter)          Turns: 15226, Time: 00:45:23

Health: -5/62      AC: 20    Str: 16    XL:     11   Next: 86%
Magic:  23/24      EV:  4    Int: 16    God:    Pakellas [*****.]
Gold:   963        SH:  9    Dex: 14    Spells: 0 memorised, 10 levels left

rFire  + . .     SeeInvis +     b - +4 rod of inaccuracy (2/10)
rCold  . . .     Gourm    .     Q - +0 plate armour
rNeg   . . .     Faith    .     c - +0 shield
rPois  .         Spirit   .     L - +3 crown of Dyrovepreva {rElec Int+2 SInv}
rElec  +         Dismiss  +     z - +2 cloak
rCorr  .         Reflect  .     K - +0 pair of gloves
SustAt .         Harm     .     l - +0 pair of boots
MR     +....                    B - amulet of dismissal
Stlth  ..........               Z - ring of protection from fire
                                o - ring of stealth

@: somewhat resistant to hostile enchantments, extremely unstealthy
A: no striking features
a: Quick Charge, Device Surge, Renounce Religion


You were on level 11 of the Dungeon.
You worshipped Pakellas.
Pakellas was extremely pleased with you.
You were not hungry.

You visited 2 branches of the dungeon, and saw 12 of its levels.
You visited 1 bazaar.
You also visited: Labyrinth.

You collected 1023 gold pieces.
You spent 60 gold pieces at shops.

Inventory:

Hand Weapons
 a - the +7 Spriggan's Knife {MR+ EV+4 Dex+4 Stlth+}
   (You found it in a labyrinth)

   It affects your evasion (+4).
   It affects your dexterity (+4).
   It affects your resistance to hostile enchantments.
   It makes you more stealthy.
Missiles
 n - 33 poisoned needles
 s - 8 curare-tipped needles
Armour
 c - a +0 shield (worn)
 i - the +1 leather armour of Submission {rElec rF- MR++ Int+4}
   (You found it on level 9 of the Dungeon)

   It affects your intelligence (+4).
   It makes you vulnerable to fire.
   It insulates you from electricity.
   It affects your resistance to hostile enchantments.
 l - a +0 pair of boots (worn)
 z - a +2 cloak (worn)
 K - a +0 pair of gloves (worn)
 L - the +3 crown of Dyrovepreva (worn) {rElec Int+2 SInv}
   (You found it on level 5 of the Dungeon)

   It affects your intelligence (+2).
   It insulates you from electricity.
   It lets you see invisible.
 Q - a +0 plate armour (worn)
Rods
 b - a +4 rod of inaccuracy (2/10) (in hand)
   (Pakellas gifted it to you on level 9 of the Dungeon)
Jewellery
 o - a ring of stealth (left hand)
 p - an uncursed ring of see invisible {unknown}
 B - an amulet of dismissal (around neck)
 Z - a ring of protection from fire (right hand)
Wands
 g - a wand of paralysis (0/24)
 q - a wand of digging (14/24)
 t - a wand of iceblast (5/15)
 R - a wand of enslavement (6/24)
 T - a wand of flame (12/48)
 U - a wand of disintegration (5/24)
Scrolls
 e - 6 scrolls of teleportation {!r}
 j - a scroll of fog {!r}
 k - a scroll of remove curse {!r}
 r - 5 scrolls of identify {!r}
 x - 3 scrolls of enchant weapon {!r}
 y - 2 scrolls of fear {!r}
 F - 4 scrolls of blinking {!r}
 M - 3 scrolls of recharging {!r}
 S - 2 scrolls of magic mapping {!r}
Potions
 d - 2 potions of might {!q}
 h - 4 potions of brilliance {!q}
 u - a potion of heal wounds {!q}
 v - 2 potions of agility {!q}
 A - a potion of resistance {!q, unknown}
 C - a potion of haste {!q}
 E - a potion of flight {!q}
 H - 3 potions of mutation {!q}
 O - a potion of ambrosia {!q}
 V - 3 potions of magic {!q}
Miscellaneous
 I - a sack of spiders {used: 7}
 P - a fan of gales
Comestibles
 f - 10 bread rations
 m - 9 meat rations
 D - 6 chunks of flesh


   Skills:
 * Level 4.6 Fighting
 - Level 8.1 Short Blades
 * Level 4.9 Armour
 + Level 5.0 Dodging
 - Level 4.0 Stealth
 * Level 4.8 Shields
 - Level 15.0 Evocations


You had 10 spell levels left.
You didn't know any spells.

Dungeon Overview and Level Annotations

Branches:
Dungeon (11/15)            Temple (1/1) D:4            Lair (0/8) D:10
    Orc: D:9-12

Altars:
Ashenzari
Cheibriados
Dithmenos
Elyvilon
Fedhas
Gozag
Kikubaaqudgha
Makhleb
Nemelex Xobeh
Okawaru
Pakellas
Qazlal
Ru
Sif Muna
Trog
Vehumet
Xom
Yredelemnul
Zin
The Shining One
Beogh

Shops:
D:6 ?%   D:11 *

Annotations:
D:11 Maud


Message History

You hit the hill giant but do no damage.
The hill giant is almost dead.
You block the hill giant's attack.
You completely miss the hill giant.
The hill giant is almost dead.
You hit the hill giant.
The hill giant is almost dead.
The hill giant hits you with a giant club!
The yak misses you. The yak gores you!
* * * LOW HITPOINT WARNING * * *
A killer bee and a centaur come into view.
The centaur shouts!
The killer bee buzzes angrily.
The killer bee moves out of view.
The centaur wields a shortbow.
The centaur shoots an arrow.
The arrow hits you!
* * * LOW HITPOINT WARNING * * *
You see here an arrow.
b - a +4 rod of inaccuracy (2/10) (in hand)
The centaur shoots an arrow.
The arrow hits you but does no damage.
Evoke which item? (* to show all) (? for menu, Esc to quit)
Zapping:
R - a wand of enslavement (7/24)
Press: ? - help, Shift-Dir - straight line, f - centaur, p - yak
Aim: a centaur, wielding a shortbow (chance to defeat MR: 73%)
The centaur struggles to resist.
This wand has 6 charges left.
The centaur moves out of view.
The yak gores you but does no damage.
A killer bee and 2 centaurs come into view.
Read which item? (? for menu, Esc to quit)
Really read
e - 7 scrolls of teleportation {!r}?
As you read the scroll of teleportation {!r}, it crumbles to dust.
You feel strangely unstable.
The centaur shouts! x2; The killer bee buzzes angrily.
The killer bee moves out of view.
The yak gores you!
* * * LOW HITPOINT WARNING * * *
The centaur wields a shortbow.
The centaur shoots an arrow.
The arrow hits you but does no damage.
Read which item? (? for menu, Esc to quit)
Really read
j - 2 scrolls of fog {!r}?
As you read the scroll of fog {!r}, it crumbles to dust.
The scroll dissolves into smoke.
The yak gores you but does no damage. The yak completely misses you.
The yak gores you but does no damage. The killer bee stings you.
* * * LOW HITPOINT WARNING * * *
Drink which item? (? for menu, Esc to quit)
Really quaff
w - a potion of curing {!q}?
You feel better.
Your surroundings suddenly seem different.
A killer bee comes into view.
The killer bee buzzes angrily.
A killer bee comes into view.
The killer bee buzzes angrily.
A killer bee comes into view.
The killer bee buzzes angrily.
You hear a shout!
The killer bee completely misses you.
The killer bee stings you but does no damage.
A killer bee, a death knight and 3 wraiths come into view.
The killer bee stings you but does no damage.
You block the killer bee's attack.
The killer bee stings you but does no damage.
You block the killer bee's attack.
The phantasmal warrior blinks!
The killer bee stings you but does no damage.
The phantasmal warrior hits you!!
You die...
Pakellas says: Back to the drawing board!

#,,,,,*,...,,#....,*,,,,,,**,,,,*
#,,,,,*,,...,#...,,*,,,,,,**,,,,*
#*******###p##...,,***,.,,**,****
####,,,,........######....##.****
...#,,,,...W....#...........,,,,,
...#,*,,.....§..#..........,,,,,,
...#,*,,......yy#.........,,,,,,,
...#,*,,.......y#........,,,,,,,,
...#.*,,.......y@.....†.,,,,,,,,,
..##.,,,.......W######.#*******,,
..##'#################.######**,,
..##..............##........#*,,,
..##..............##...@....#*,,,
..#*.....,,,,.....*#........#*,,,
######'########'#######'#########
........@.....Y..................
##...###...####........≈≈≈.......


You could see a death knight, a phantasmal warrior, a freezing wraith and 4
killer bees.

Vanquished Creatures
  Erolcha (D:11)
  A minotaur (Lab)
  A hydra (D:11)
  The ghost of Amnesiac the Brilliant, a journeyman DEFi of Pakellas (D:11)
  Nergalle (D:11)
  An unseen horror (D:9)
  2 hill giants (D:10)
  Pikel (D:8)
  The ghost of Amnesiac the Prestidigitator, a novice DEFi (D:6)
  2 trolls (D:9)
  A two-headed ogre (D:10)
  A blink frog (D:4)
  A wraith (D:10)
  A wyvern (D:11)
  6 yaks
  A hog (D:4)
  A human (D:7)
  A steam dragon (D:9)
  2 vampire mosquitoes (D:9)
  Menkaure (D:6)
  2 soldier ants
  A mottled dragon (D:8)
  2 hell hounds (D:10)
  7 orc warriors
  3 sky beasts (D:9)
  An ice beast (D:9)
  A slave (D:8)
  An eye of draining (D:10)
  A black bear (D:9)
  An ogre (D:7)
  2 phantoms
  6 centaurs
  A gnoll sergeant (D:9)
  10 giant frogs
  3 scorpions
  2 killer bees (D:9)
  11 wights
  3 crimson imps
  4 howler monkeys
  5 hounds
  4 jellies
  7 orc priests
  2 centaur skeletons
  A giant frog skeleton (D:4)
  5 iguanas
  7 orc wizards
  3 worker ants
  4 sheep
  3 hound zombies
  3 worker ant zombies
  A howler monkey skeleton (D:9)
  A gnoll (D:9)
  13 adders
  A river rat (D:5)
  2 shadow imps
  2 oozes (D:4)
  2 worms (D:6)
  4 dart slugs
  6 giant geckos
  54 orcs
  3 ball pythons
  9 giant cockroaches
  2 goblins
  5 hobgoblins
  15 jackals
  5 quokkas
  7 bats
  A giant cockroach zombie (D:5)
  A giant gecko zombie (D:7)
  4 giant newts
  4 kobolds
  A quokka skeleton (D:8)
  9 rats
286 creatures vanquished.

Vanquished Creatures (collateral kills)
  A troll (D:9)
  2 yaks (D:9)
  A hungry ghost (D:9)
  A centaur (D:8)
  A wyvern zombie (D:8)
  A killer bee (D:9)
  A crimson imp (D:3)
  2 hounds
  A hobgoblin (D:3)
  A quokka (D:8)
12 creatures vanquished.

Vanquished Creatures (others)
  A killer bee (D:9)
  A hungry ghost (D:8)
  An orc warrior (D:9)
  A centaur zombie (D:8)
  2 adders (D:8)
  A quokka (D:10)
7 creatures vanquished.

Grand Total: 305 creatures vanquished

Notes
Turn   | Place    | Note
--------------------------------------------------------------
     0 | D:1      | Amnesiac the Deep Elf Fighter began the quest for the Orb.
     0 | D:1      | Reached XP level 1. HP: 13/13 MP: 3/3
    98 | D:1      | Reached skill level 1 in Dodging
   160 | D:1      | Reached XP level 2. HP: 18/18 MP: 4/4
   488 | D:2      | Reached XP level 3. HP: 20/22 MP: 5/5
   565 | D:2      | Found a stormy altar of Qazlal.
   780 | D:2      | Found a bloodstained altar of Trog.
   782 | D:2      | Found a glowing golden altar of the Shining One.
   990 | D:2      | Found an ancient bone altar of Kikubaaqudgha.
  1060 | D:4      | Reached XP level 4. HP: 19/27 MP: 6/6
  1116 | D:4      | Found a shimmering altar of Xom.
  1117 | D:4      | Found a burning altar of Makhleb.
  1395 | D:4      | Found a staircase to the Ecumenical Temple.
  1408 | D:4      | Found an oddly glowing altar of Pakellas.
  1413 | Temple   | Entered the Ecumenical Temple
  1469 | D:4      | Became a worshipper of Pakellas the Inventive
  1600 | D:4      | Noticed an ogre
  2091 | D:2      | Reached XP level 5. HP: 30/32 MP: 7/7
  2399 | D:4      | Reached skill level 1 in Evocations
  2440 | D:4      | Reached skill level 2 in Evocations
  2672 | D:4      | Reached * piety under Pakellas
  2672 | D:4      | Received a gift from Pakellas
  2937 | D:5      | Entered Level 5 of the Dungeon
  3031 | D:5      | Reached skill level 3 in Evocations
  3031 | D:5      | Reached XP level 6. HP: 5/37 MP: 10/10
  3052 | D:5      | Reached skill level 4 in Evocations
  3275 | D:5      | Reached skill level 1 in Stealth
  3504 | D:4      | Noticed a hog
  3504 | D:4      | an ogre changed into a hog
  3541 | D:4      | Killed a hog
  3541 | D:4      | Reached skill level 5 in Evocations
  3713 | D:5      | Reached XP level 7. HP: 19/41 MP: 11/13
  3844 | D:5      | Got a bone mace
  3846 | D:5      | Noticed a blink frog
  3846 | D:5      | an ogre changed into a blink frog
  3943 | D:5      | Found a stormy altar of Qazlal.
  4032 | D:5      | Identified the +1 mace of Plog {freeze, Str+4 SInv Stlth+} (You found it on level 5 of the Dungeon)
  5009 | D:6      | Noticed Amnesiac's ghost (novice DEFi)
  5150 | D:6      | Killed Amnesiac's ghost
  5155 | D:6      | Reached skill level 5 in Short Blades
  5155 | D:6      | Reached XP level 8. HP: 31/46 MP: 14/14
  5547 | D:6      | Found Utzoz's Magic Scroll Boutique.
  5723 | D:6      | Found Gewydyoch's Food Shoppe.
  5732 | D:6      | Reached ** piety under Pakellas
  5732 | D:6      | Received a gift from Pakellas
  5759 | D:6      | Noticed Menkaure
  5843 | D:4      | Killed a blink frog
  6707 | D:5      | HP: 2/46 [poisoned by a soldier ant]
  6996 | D:6      | Killed Menkaure
  7510 | D:7      | Reached skill level 6 in Evocations
  7551 | D:7      | Reached skill level 7 in Evocations
  7551 | D:7      | Reached XP level 9. HP: 32/50 MP: 16/16
  7833 | D:7      | Learned a level 5 spell: Dispel Undead
  7936 | D:7      | Reached skill level 8 in Evocations
  8475 | D:8      | Reached *** piety under Pakellas
  8475 | D:8      | Received a gift from Pakellas
  8580 | D:7      | Reached skill level 9 in Evocations
  8902 | D:8      | Noticed Pikel
  8929 | D:8      | Killed Pikel
  8929 | D:8      | Reached skill level 10 in Evocations
  9250 | D:8      | Reached skill level 11 in Evocations
  9712 | D:9      | Got a topaz-encrusted leather armour
  9723 | D:9      | Identified the +1 leather armour of Submission {rElec rF- MR++ Int+4} (You found it on level 9 of the Dungeon)
  9742 | D:9      | Noticed a troll
  9768 | D:9      | Killed a troll
  9787 | D:9      | Reached XP level 10. HP: 20/56 MP: 20/20
  9963 | D:9      | Noticed an unseen horror
  9994 | D:9      | Killed an unseen horror
  9994 | D:9      | Reached skill level 12 in Evocations
 10418 | D:9      | Reached **** piety under Pakellas
 10418 | D:9      | Received a gift from Pakellas
 10647 | D:9      | Reached skill level 13 in Evocations
 11091 | D:9      | Found an iron altar of Okawaru.
 11092 | D:9      | Found a shattered altar of Ashenzari.
 11813 | D:9      | Reached ***** piety under Pakellas
 11813 | D:9      | Received a gift from Pakellas
 11833 | D:9      | Reached skill level 14 in Evocations
 11872 | D:9      | Found a roughly hewn altar of Beogh.
 12490 | D:9      | Identified a +4 rod of inaccuracy (10/10) (Pakellas gifted it to you on level 9 of the Dungeon)
 12560 | D:10     | Entered Level 10 of the Dungeon
 12864 | D:10     | Reached XP level 11. HP: 55/60 MP: 23/23
 12906 | D:10     | Noticed a hill giant
 12910 | D:10     | Killed a hill giant
 12931 | D:10     | Noticed a hill giant
 13281 | D:10     | Found a staircase to the Lair.
 13323 | D:10     | Reached skill level 15 in Evocations
 13476 | D:10     | Found a white marble altar of Elyvilon.
 13812 | D:10     | Killed a hill giant
 14011 | D:11     | Noticed Amnesiac's ghost (journeyman DEFi)
 14018 | D:11     | Killed Amnesiac's ghost
 14021 | D:11     | Found a flickering gateway to a bazaar.
 14028 | D:11     | Noticed Maud
 14032 | D:11     | Noticed a hill giant
 14035 | Bazaar   | Entered a bazaar
 14054 | Bazaar   | Found Akimmono's General Store.
 14054 | Bazaar   | Found Coniti's General Store.
 14092 | Bazaar   | Found Biapt's Book Shoppe.
 14107 | Bazaar   | Found Ofymido's Weapon Emporium.
 14107 | Bazaar   | Found Xauchasa's Book Shoppe.
 14186 | Bazaar   | Bought a potion of heal wounds for 60 gold pieces
 14299 | D:11     | Found a labyrinth entrance.
 14309 | Lab      | Entered a labyrinth
 14424 | Lab      | Noticed a minotaur
 14437 | Lab      | Killed a minotaur
 14439 | Lab      | Got an ancient dagger {flame}
 14454 | Lab      | Identified the cursed +1 dagger "Taroofac" {flame, Str+4 Stlth+} (You took it off a minotaur in a labyrinth)
 14644 | D:11     | Found Refuf's Retail Resort.
 14721 | D:11     | Noticed a four-headed hydra
 14725 | D:11     | Killed a four-headed hydra
 14791 | D:11     | Noticed Nergalle
 14803 | D:11     | Killed Nergalle
 15063 | D:11     | Noticed Erolcha
 15115 | D:11     | Killed Erolcha
 15115 | D:11     | Reached skill level 5 in Dodging
 15224 | D:11     | Noticed a death knight
 15224 | D:11     | Noticed a phantasmal warrior
 15226 | D:11     | Slain by a phantasmal warrior

Skill      XL: |  1  2  3  4  5  6  7  8  9 10 11 |
---------------+----------------------------------+-----
Dodging        | 2 3 5 |  5.0
Shields        | 3 4 |  4.8
Armour         | 3 4 |  4.9
Fighting       | 3 4 |  4.6
Evocations     | 3 5 7 11 14 15 | 15.0
Stealth        | 3 4 |  4.0
Short Blades   | 5 8 |  8.1

Action                   |  1- 3 |  4- 6 |  7- 9 | 10-12 || total
-------------------------+-------+-------+-------+-------++-------
Melee: Rapier            |   148 |   231 |   196 |       ||   575
       Dagger            |       |       |   334 |       ||   334
       Short sword       |       |       |   171 |   526 ||   697
       Knife             |       |       |       |    80 ||    80
 Fire: Hunting sling     |       |       |     3 |       ||     3
Throw: Stone             |       |       |       |     1 ||     1
Invok: Quick Charge      |       |       |     1 |     3 ||     4
       Device Surge      |       |       |       |     3 ||     3
Evoke: Wand              |       |     8 |    10 |    68 ||    86
       Sack of spiders   |       |       |     6 |     2 ||     8
       Rod               |       |       |       |    33 ||    33
       Fan of gales      |       |       |       |     1 ||     1
  Use: Scroll            |       |    14 |     7 |     9 ||    30
       Potion            |       |     2 |     2 |     6 ||    10
 Stab: Sleeping          |       |       |     6 |       ||     6
       Confused          |       |       |     3 |       ||     3
       Petrifying        |       |       |     3 |       ||     3
       Distracted        |       |       |     1 |     1 ||     2
       Held in net/web   |       |       |     2 |       ||     2
       Paralysed         |       |       |       |    21 ||    21
  Eat: Chunk             |       |     9 |    17 |    14 ||    40
       Fruit             |       |       |     1 |     3 ||     4
       Pizza             |       |       |     2 |       ||     2
       Royal jelly       |       |       |       |     1 ||     1
Armor: Scale mail        |    60 |   108 |   184 |       ||   352
       Plate armour      |       |       |   128 |   330 ||   458
Dodge: Dodged            |    46 |    78 |   114 |    76 ||   314
Block: Shield            |    89 |    93 |   221 |   228 ||   631
